← All builds
Front / Armada / Economy first / OBSERVED BUILD

Standard front

Armada Front build order · Supreme Isthmus

Standard Front economy-first opening with Bot Lab and Vehicle Plant thrown down almost immediately, transitioning into a mixed Blitz/Rocketeer/Pawn/Janus army feeding the middle over the game.

#eco · 1007 distinct matches · 135 players · 75% of Armada Front games · team won 63% of 1154 · Recently observed

HOW TO PLAY IT

Key timing: Vehicle Plant by 0:47

  1. Open 3 mex then Bot Lab and Vehicle Plant almost together.
  2. Layer wind while both labs start producing.
  3. Send early units to coast first to stop leaks, not middle.
  4. Add Construction Turrets as "Blitz", "Rocketeer", "Janus" mix builds up.
  5. Transition into Advanced Metal Extractor once T2 con is out.

Phase by phase

TYPICAL OF ITS 1007 GAMES
  1. 1
  2. 2
  3. 3
PLAY THE OPENING

Follow the example game's first 6:00 step by step: what to build now, what comes next, and where it goes. At 1× it keeps pace with your own game.

  1. 1

    Up to the Bot Lab

    Economy
    • Metal Extractor2Mex
    • Wind Turbine1Wind
    Order
    1. Bot LabBot Lab after 3 mex, 1 winddone ~0:45, middle half 0:35–8:32

    Some games also: Vehicle Plant (41%)

    By 0:28 in all: 2 mex · 1 wind

    The example game in this phase · 2 steps
    1. Mex ×2
    2. Vehicle PlantVehicle Plantdone 0:39 · typical 0:48
  2. 2

    Bot Lab to 5:00

    Economy
    • Metal Extractor4Mex
    • Wind Turbine3Wind
    Army
    • Sentry1 Sentry

    Some games also: rocketeer (46%) · con bot (44%) · Lazarus (44%) · tick (41%) · centurion (37%)

    By 5:00 in all: 6 mex · 7 wind

    The example game in this phase · 41 steps
    1. RoverScout
    2. Mex
    3. RoverScout
    4. Wind
    5. Construction VehicleCon vehicle
    6. Wind
    7. RoverScout ×4for Pond
    8. RoverScout
    9. Construction VehicleCon vehicle ×2
    10. BlitzBlitz
    11. RoverScout ×2
    12. Mex
    13. BlitzBlitz ×3
    14. Mex
    15. StoutStout
    16. SentrySentry
    17. Mex
    18. JanusJanus
    19. Con turret
    20. SentrySentry
    21. JanusJanus
    22. Wind ×2
    23. WhistlerMissile truck
    24. Wind
    25. Mex
    26. Construction VehicleCon vehicle
    27. Wind ×2
    28. RoverScout
    29. Wind
    30. RoverScout
    31. SentrySentry
    32. RoverScout
    33. Wind
    34. RoverScout
    35. Wind
    36. RoverScout ×2
    37. JanusJanus
    38. Wind
    39. Con turret
    40. Wind
    41. BeamerBeamer
  3. 3

    5:00 to 10:00

    Economy
    • Metal Extractor1Mex
    • Wind Turbine14Wind
    Builders
    • Construction Turret2 Con turret
    Army
    • Sentry1 Sentry

    Some games also: energy storage (46%) · rocketeer (39%) · blitz (38%) · pawn (36%) · Lazarus (36%)

    By 10:00 in all: 7 mex · 25 wind · 1 energy storage · 3 con turret

    The example game in this phase · 69 steps
    1. Wind
    2. JanusJanus
    3. WhistlerMissile truck
    4. Wind
    5. WhistlerMissile truck
    6. Wind
    7. WhistlerMissile truck
    8. Wind
    9. WhistlerMissile truck ×2
    10. Wind
    11. WhistlerMissile truck
    12. Wind
    13. WhistlerMissile truck
    14. Wind ×2
    15. WhistlerMissile truck
    16. Wind
    17. WhistlerMissile truck
    18. Wind
    19. WhistlerMissile truck
    20. Wind
    21. WhistlerMissile truck
    22. Wind
    23. WhistlerMissile truck ×6
    24. Mex
    25. WhistlerMissile truck
    26. Radar TowerRadar Tower
    27. WhistlerMissile truck ×2
    28. Construction VehicleCon vehicle ×2
    29. Twilight
    30. WhistlerMissile truck
    31. BlitzBlitz ×4
    32. Construction VehicleCon vehicle ×2
    33. Mexfor Suicide front
    34. Construction VehicleCon vehicle
    35. BlitzBlitz ×2
    36. RoverScout ×2
    37. Mex
    38. RoverScout ×3
    39. BlitzBlitz ×3
    40. Mex
    41. BlitzBlitz ×7
    42. Twilight
    43. Advanced Metal ExtractorT2 mexdone 12:45 · typical 8:54
    44. BlitzBlitz
    45. Dragon's TeethDragon's Teeth ×2
    46. BlitzBlitz
    47. Dragon's TeethDragon's Teeth ×2
    48. BlitzBlitz
    49. Dragon's TeethDragon's Teeth ×2
    50. BlitzBlitz ×3
    51. Advanced Metal ExtractorT2 mex
    52. BlitzBlitz
    53. Dragon's TeethDragon's Teeth
    54. Con turret
    55. Dragon's TeethDragon's Teeth ×3
    56. BlitzBlitz
    57. Dragon's TeethDragon's Teeth
    58. Twilight
    59. BlitzBlitz
    60. Twilight
    61. Advanced Metal ExtractorT2 mex
    62. Construction VehicleCon vehicle ×2
    63. Wind ×6
    64. Advanced Metal ExtractorT2 mex
    65. Wind
    66. Energy storage
    67. Wind ×5
    68. Fusion ReactorFusionnot finished by 15:00
    69. Wind ×3

Counts are medians over the build's games: half of them build more, half fewer. The example game is DontStreamSnipeMeBro's (35 OS, 16/08/2026); pick another.

Team trades

IN AT LEAST 30% OF ITS GAMES

You hand over

Nothing regular.

You get

  • Tidal Generator4 Tidal from Pondfirst at 0:18 · in 68% of games
  • Advanced Construction Bot1 T2 con bot from Geo or Techfirst at 7:18 · in 67% of games

How it plays out

Typical game of this build, running totals by minute

Metal produced

010k20k30k
0:005:0010:0015:00

metal

Enemy metal destroyed

05k10k
0:005:0010:0015:00

metal

Own metal lost

05k10k
0:005:0010:0015:00

metal

1154 games.

Show as table
ByMetal produced: This buildEnemy metal destroyed: This buildOwn metal lost: This build
1:0033300
2:008482131
3:001625141105
4:002715542333
5:0038651200821
6:00507421121523
7:00631429852452
8:00763738533361
9:00907946814319
10:001068453295064
11:001259858205719
12:001482163656527
13:001741969967244
14:002017276218099
15:002267783768960
WHAT THE NUMBERS SAY

Standard Front play wins more often than suicide front and produces more metal by 15:00, reflecting its safer positioning.

  • + Metal produced reaches 22219 by 15:00, above suicide front's 19882
  • + Own losses of 8949 stay under enemy metal destroyed's near-equal 8347
  • − First unit lost by 1:44 shows exposure even from the safer side
  • − Wider gap to defend demands disciplined coast-then-mid unit movement
THE EXAMPLE YOU ARE READING

DontStreamSnipeMeBro

35.1 OS · 16/08/2026

Open source match ↗

6 received units · includes a constructor
121 metal received · 12087 energy received

Allied construction assistance is unknown. Timings are observations, not a promise of solo reproducibility.

Typical milestones

Bot Lab0:45Middle 50%: 0:35–8:32 · n=730
Vehicle Plant0:48Middle 50%: 0:37–0:58 · n=817
Advanced Metal Extractor8:54Middle 50%: 8:02–10:01 · n=923

Played most by

Hummell98games of this buildhaaven94games of this buildLeohvm83games of this buildXad63games of this buildImmort42games of this build